 Dungeon Crawl Stone Soup version 0.16.2-12-gd0ad4c3 (webtiles) character file.

91 faibistes the Magician (level 4, -9/24 HPs)
             Began as a Deep Elf Wizard on Feb 1, 2019.
             Killed from afar by an orc wizard (13 damage)
             ... with a puff of flame
             ... on level 3 of the Dungeon.
             The game lasted 00:04:50 (2517 turns).

faibistes the Magician (Deep Elf Wizard)            Turns: 2517, Time: 00:04:50

Health: -9/24      AC:  2    Str:  4    XL:     4   Next: 33%
Magic:  7/17       EV: 13    Int: 24    God:
Gold:   63         SH:  0    Dex: 13    Spells: 6 memorised, 0 levels left

rFire  . . .     SeeInvis .     w - +1 dagger (venom)
rCold  . . .     Clarity  .     a - +0 robe
rNeg   . . .     SustAb   .     (no shield)
rPois  .         Gourm    .     b - +0 hat
rElec  .         Spirit   .     (no cloak)
rCorr  .         Warding  .     (no gloves)
rMut   .         Stasis   .     (no boots)
MR     .....                    h - amulet of rage
Stlth  ++........               (no ring)
                                p - ring of flight

@: repel missiles, not resistant to hostile enchantments, unstealthy
A: no striking features
a: Evoke Berserk Rage, Evoke Flight


You were on level 3 of the Dungeon.
You were not hungry.

You visited 1 branch of the dungeon, and saw 4 of its levels.

You collected 63 gold pieces.

Inventory:

Hand weapons
 f - a +1 spear of freezing
 i - a +0 short sword
 o - a +0 dagger
 w - a +1 dagger of venom (weapon)
Armour
 a - a +0 robe (worn)
 b - a +0 hat (worn)
Jewellery
 h - an amulet of rage (around neck)
 p - a ring of flight (left hand)
Scrolls
 g - a scroll of recharging {unknown}
 m - 2 scrolls of identify {unknown}
 n - a scroll of teleportation {unknown}
Potions
 e - 3 potions of magic {unknown}
 k - a potion of restore abilities {unknown}
 l - a potion of ambrosia {unknown}
 q - a potion of degeneration {unknown}
Books
 c - a book of Minor Magic

   Spells                             Type                      Level
   a - Magic Dart                     Conjuration                  1
   b - Blink                          Translocation                2
   c - Call Imp                       Summoning                    2
   d - Repel Missiles                 Charms/Air                   2
   e - Slow                           Hexes                        2
   f - Conjure Flame                  Conjuration/Fire             3
   g - Mephitic Cloud                 Conjuration/Poison/Air       3
Comestibles
 d - 3 bread rations
 j - 2 meat rations
 r - 3 chunks of flesh


   Skills:
 + Level 3.7 Dodging
 - Level 2.4 Stealth
 * Level 5.4 Spellcasting
 * Level 2.9 Conjurations
 - Level 1.1 Summonings
 - Level 1.1 Translocations


You couldn't memorise any spells.
You knew the following spells:

 Your Spells              Type           Power        Failure   Level  Hunger
a - Magic Dart            Conj           ###.         2%          1    None
b - Conjure Flame         Conj/Fire      ##......     17%         3    ##.....
c - Call Imp              Summ           ##......     12%         2    None
d - Blink                 Tloc           N/A          12%         2    None
e - Mephitic Cloud        Conj/Pois/Air  ##......     21%         3    ##.....
f - Repel Missiles        Chrm/Air       #.....       14%         2    None


Dungeon Overview and Level Annotations

Branches:
Dungeon (4/15)
 Temple: D:4-7

Altars:


Message History

The magic dart hits the orc.
You kill the orc!
The orc wizard gestures at you while chanting.
The puff of frost hits you!
* * * LOW HITPOINT WARNING * * *
Casting: Magic Dart
Confirm with . or Enter, or press ? or * to list all spells.
Aiming: Mephitic Cloud
Press: ? - help, Shift-Dir - straight line, f/p - orc wizard
Aim: an orc wizard, wielding a dagger and wearing a robe (severely wounded)
The ball explodes into a vile cloud!
The stinking cloud engulfs the orc wizard.
The orc wizard is severely wounded.
The stinking cloud engulfs the orc.
The orc is engulfed in noxious fumes.
The orc appears confused.
The orc wizard is engulfed in noxious fumes.
The orc wizard points at you and mumbles some strange words.
The puff of flame hits you!
Ouch! That really hurt!
You die...

. #o . #§
.# #.###o
.. #...§)
#.###
..... ...
... #.#
#.###.##
#.@....#
#####..##
#...#
#.#.##
#.#..#
#.##.#
#.##.#
#.##.#
#.##.# #


You could see an orc wizard and an orc (confused).

Vanquished Creatures
  Robin (D:2)
  An adder (D:3)
  A worm (D:2)
  2 giant geckos (D:1)
  An orc (D:3)
  11 goblins
  8 hobgoblins
  A quokka (D:3)
  7 bats
  A giant cockroach (D:2)
  A giant newt (D:2)
  4 kobolds
  6 rats
45 creatures vanquished.

Vanquished Creatures (collateral kills)
  3 gnolls (D:2)
  A hobgoblin (D:2)
  3 jackals (D:2)
7 creatures vanquished.

Vanquished Creatures (others)
  A crimson imp (D:2)
1 creature vanquished.

Grand Total: 53 creatures vanquished

Notes
Turn   | Place    | Note
--------------------------------------------------------------
     0 | D:1      | faibistes, the Deep Elf Wizard, began the quest for the Orb.
     0 | D:1      | Reached XP level 1. HP: 10/10 MP: 6/6
   454 | D:2      | Reached XP level 2. HP: 13/15 MP: 4/9
   472 | D:1      | Learned a level 2 spell: Blink
   475 | D:1      | Learned a level 2 spell: Call Imp
   940 | D:1      | Reached XP level 3. HP: 19/19 MP: 7/13
   945 | D:1      | Learned a level 3 spell: Conjure Flame
   949 | D:1      | Learned a level 3 spell: Mephitic Cloud
  1246 | D:2      | Noticed Robin
  1302 | D:2      | Reached skill level 5 in Spellcasting
  1408 | D:2      | Killed Robin
  2021 | D:2      | Reached XP level 4. HP: 24/24 MP: 13/17
  2026 | D:2      | Learned a level 2 spell: Repel Missiles
  2517 | D:3      | Killed from afar by an orc wizard

Action                   |  1- 3 |  4- 6 || total
-------------------------+-------+-------++-------
Melee: Short sword       |     5 |       ||     5
       Dagger            |     2 |     4 ||     6
 Cast: Magic Dart        |    74 |    23 ||    97
       Call Imp          |     8 |       ||     8
       Mephitic Cloud    |     2 |     2 ||     4
       Conjure Flame     |     1 |       ||     1
       Blink             |       |     1 ||     1
       Repel Missiles    |       |     1 ||     1
 Stab: Sleeping          |       |     1 ||     1
  Eat: Chunk             |     3 |     2 ||     5
